 Dungeon Crawl Stone Soup version 0.29-a0-43-g62a80824bf (webtiles) character file.

Game seed: 13319998721466889440

5907 crazypyro the Cleaver (level 10, -6/76 HPs)
             Began as a Demonspawn Fighter on Feb 2, 2022.
             Was a High Priest of Nemelex Xobeh.
             Killed by divine providence
             ... invoked by an orc priest
              (13 damage)
             ... on level 10 of the Dungeon.
             The game lasted 00:11:41 (10124 turns).

crazypyro the Cleaver (Demonspawn Fighter)         Turns: 10124, Time: 00:11:43

Health: -6/76      AC: 11    Str: 22    XL:     10   Next: 53%
Magic:  15/15      EV: 13    Int: 10    God:    Nemelex Xobeh [*****.]
Gold:   467        SH:  5    Dex: 15    Spells: 9/9 levels left

rFire   . . .      SeeInvis +   u - +5 hand axe of Youthful Indiscretion {vamp, Str+2}
rCold   . . .      Faith    .   c - +0 buckler
rNeg    + . .      Spirit   .   s - +1 acid dragon scales
rPois   .          Reflect  .   (helmet unavailable)
rElec   .          Harm     .   (no cloak)
rCorr   +          Rampage  .   e - +2 pair of gloves
Will    +....                   (no boots)
Stlth   ++........              (no amulet)
HPRegen 0.22/turn               m - ring of willpower
MPRegen 0.14/turn               h - ring of positive energy

@: no status effects
A: antennae 3, ignite blood 1, demonic magic 1, thin skeletal structure 1, wild
magic 1
a: Renounce Religion, Draw Escape, Draw Destruction, Draw Summoning, Triple
Draw, Deal Four, Stack Five


You were on level 10 of the Dungeon.
You worshipped Nemelex Xobeh.
Nemelex Xobeh was extremely pleased with you.
You visited 1 branch of the dungeon, and saw 10 of its levels.

You collected 491 gold pieces.
You spent 24 gold pieces at shops.

Inventory:

Hand Weapons
 a - a +1 war axe
 r - a +0 war axe
 u - the +5 hand axe of Youthful Indiscretion (weapon) {vamp, Str+2}
   (You found it on level 6 of the Dungeon)

   It occasionally heals its wielder for a portion of the damage dealt when it
   wounds a living foe.
   Str:       It affects your strength (+2).
Armour
 b - a +0 scale mail
 c - a +0 buckler (worn)
 e - a +2 pair of gloves (worn)
 f - a +0 hat
 s - +1 acid dragon scales (worn)
Jewellery
 g - a ring of protection from cold
 h - a ring of positive energy (right hand)
 m - a ring of willpower (left hand)
 z - an amulet of magic regeneration
 D - a +6 ring of strength
 F - an amulet of the acrobat
Wands
 j - a wand of digging (5)
 w - a wand of iceblast (9)
 x - a wand of flame (14)
 B - a wand of paralysis (13)
 E - a wand of polymorph (5)
Scrolls
 i - 7 scrolls of teleportation
 k - 5 scrolls of identify
 n - 3 scrolls of fear
 p - 3 scrolls of enchant armour
 y - a scroll of enchant weapon
 C - a scroll of fog
Potions
 d - 3 potions of lignification {unknown}
 l - 3 potions of brilliance
 o - 5 potions of invisibility
 q - a potion of flight
 t - a potion of haste {unknown}
 v - 2 potions of curing {unknown}
 A - 2 potions of resistance {unknown}
 G - a potion of degeneration {unknown}


   Skills:
 + Level 5.7 Fighting
 * Level 10.1 Axes
 + Level 5.2 Armour
 - Level 5.2 Dodging
 + Level 5.2 Shields
 - Level 7.0 Invocations


You had 9 spell levels left.
You didn't know any spells.
Your spell library contained the following spells:

 Spells                   Type           Power      Damage    Failure   Level
 Call Canine Familiar     Summ           0%         N/A       92%         3
 Gell's Gravitas          Tloc           0%         N/A       92%         3
 Lesser Beckoning         Tloc           0%         N/A       92%         3
 Teleport Other           Tloc           0%         N/A       92%         3
 Tukima's Dance           Hex            0%         N/A       92%         3
 Passage of Golubria      Tloc           0%         N/A       100%        4
 Manifold Assault         Tloc           0%         N/A       100%        5
 Yara's Violent Unravell  Hex/Tmut       0%         3d3       100%        5
 Dispersal                Tloc           0%         N/A       100%        6


Dungeon Overview and Level Annotations

Branches:
Dungeon (10/15)            Temple (0/1) D:6             Orc (0/2) D:10
   Lair: D:8-11

Altars:
Nemelex Xobeh
Xom
The Shining One

Shops:
D:4 :   D:7 (   D:8 *


Innate Abilities, Weirdness & Mutations

You have a pair of large antennae on your head. (SInv)
Your demonic aura sometimes causes spilled blood to erupt in flames.
Spells you cast may paralyse adjacent enemies.
You have a somewhat thin skeletal structure. (Dex +2, Stealth+)
Your spells are a little harder to cast, but a little more powerful.


Message History

You block the orc's attack.
Your killer bee barely misses the orc warrior.
Your killer bee stings the orc. x2
Your killer bee completely misses the orc.
Your killer bee is engulfed in blazing flames.
Your killer bee misses the orc warrior.
Your killer bee closely misses the orc warrior.
Your killer bee stings the orc!
The orc dies!
Your killer bee is engulfed in blazing flames.
You kill your killer bee!
Your killer bee's corpse disappears in a puff of smoke!
The orc warrior hits your killer bee with a +0 halberd!
The orc warrior hits your killer bee with a +0 vorpal halberd!!
Your killer bee dies!
Your killer bee's corpse disappears in a puff of smoke!
Your killer bee stings the orc warrior but does no damage.
Your killer bee barely misses the orc warrior.
Your killer bee closely misses the orc warrior.
Things that are here:
a +0 shortbow; 19 arrows; a centaur corpse Your killer bee closely misses the orc warrior. x2
Your killer bee stings the orc warrior.
The orc warrior is poisoned.
Your killer bee poisons the orc warrior!
The orc warrior closely misses your killer bee.
Your killer bee misses the orc warrior.
Your killer bee stings the orc warrior but does no damage.
Your killer bee closely misses the orc warrior.
Your killer bee stings the orc warrior.
Your killer bee barely misses the orc warrior.
The orc warrior barely misses your killer bee.
Your killer bee closely misses the orc warrior. x2
Your killer bee barely misses the orc warrior.
Your killer bee stings the orc warrior. x2; The orc warrior is poisoned.
Your killer bee poisons the orc warrior!
Your killer bee stings the orc warrior but does no damage.
The orc priest invokes the aid of Beogh against you.
Beogh smites you!
You die...
Your body glows with a rainbow of weird colours and disappears.

........##....###..######'#.
........##....###..'........
'#########.........#........
#.........#........
#.........#.#......
#....######........
#########..........
#######.§o).......#
#....@..)yoy.....)#
...........yo)......#
....................#
.....................
.##'#######....>..... #..
.......... #. .......... .
...........


You could see 2 orc warriors, an orc priest and 3 friendly killer bees.

Vanquished Creatures
  2 trolls (D:9)
  3 wyverns
  7 yaks
  A wraith (D:9)
  2 steam dragons
  Menkaure (D:7)
  2 acid dragons (D:8)
  Duvessa (D:7)
  2 water moccasins
  A hornet zombie (D:8)
  An orc warrior (D:8)
  2 ice beasts
  A sky beast (D:7)
  2 black bears
  A necrophage (D:6)
  An ogre (D:5)
  2 centaurs
  A kobold brigand (D:9)
  2 bullfrogs
  A gnoll sergeant (D:6)
  2 wyvern zombies
  A water moccasin zombie (D:5)
  Dowan (D:7)
  A water moccasin skeleton (D:4)
  4 wights (D:10)
  2 howler monkeys
  A centaur zombie (D:7)
  2 jellies
  4 orc priests
  3 hounds
  6 centaur skeletons
  A bullfrog skeleton (D:4)
  7 orc wizards
  5 iguanas
  A scorpion zombie (D:5)
  Natasha (thrice) (D:4)
  5 gnolls (D:6)
  3 howler monkey zombies
  3 adders
  3 dart slugs
  14 orcs
  10 ball pythons
  6 endoplasms
  3 giant cockroaches
  10 goblins
  5 hobgoblins
  A jackal (D:4)
  9 kobolds
  4 quokkas
  10 bats
  3 frilled lizards
  3 rats
172 creatures vanquished.

Vanquished Creatures (collateral kills)
  An acid dragon (D:5)
  An orc warrior (D:9)
  An orc wizard (D:9)
  3 orcs
6 creatures vanquished.

Vanquished Creatures (others)
  2 orcs (D:8)
  A fungus (D:1)
  3 plants (D:4)
6 creatures vanquished.

Grand Total: 184 creatures vanquished

Notes
Turn   | Place    | Note
-------+----------+-------------------------------------------
     0 | D:1      | crazypyro the Demonspawn Fighter began the quest for the
                  | Orb.
     0 | D:1      | Reached XP level 1. HP: 18/18 MP: 1/1
   240 | D:1      | Reached skill level 2 in Axes
   240 | D:1      | Gained mutation: You have a pair of small antennae on your
                  | head. [demonic ancestry]
   240 | D:1      | Reached XP level 2. HP: 21/24 MP: 2/2
   491 | D:1      | Got the Handbook of the Escort and Dislocation
   582 | D:1      | Found a faded altar of an unknown god.
   594 | D:1      | Prayed at the altar of an unknown god.
   594 | D:1      | Became a worshipper of Nemelex Xobeh the Trickster
   594 | D:1      | Reached * piety under Nemelex Xobeh
   767 | D:1      | Received a gift from Nemelex Xobeh
  1242 | D:2      | Gained mutation: Your demonic aura sometimes causes spilled
                  | blood to erupt in flames. [demonic ancestry]
  1242 | D:2      | Reached XP level 3. HP: 23/29 MP: 3/3
  1496 | D:2      | Reached ** piety under Nemelex Xobeh
  1805 | D:3      | Found a shimmering altar of Xom.
  1866 | D:3      | Received a gift from Nemelex Xobeh
  2679 | D:4      | Gained mutation: Spells you cast may paralyse adjacent
                  | enemies. [demonic ancestry]
  2679 | D:4      | Reached XP level 4. HP: 36/36 MP: 4/4
  2745 | D:4      | Received a gift from Nemelex Xobeh
  2755 | D:4      | Reached skill level 3 in Axes
  2755 | D:4      | Reached skill level 1 in Dodging
  2755 | D:4      | Gained mutation: You have a pair of antennae on your head.
                  | [demonic ancestry]
  2755 | D:4      | Reached XP level 5. HP: 30/41 MP: 5/5
  2841 | D:4      | Reached *** piety under Nemelex Xobeh
  3006 | D:4      | Noticed Natasha
  3013 | D:4      | Killed Natasha
  3025 | D:4      | Reached skill level 4 in Axes
  3025 | D:4      | Reached XP level 6. HP: 41/47 MP: 6/6
  3078 | D:4      | Noticed Natasha
  3087 | D:4      | Killed Natasha
  3155 | D:4      | Found Byong's Book Shoppe.
  3172 | D:4      | Noticed Natasha
  3177 | D:4      | Killed Natasha
  3270 | D:4      | Gained mutation: Your muscles are strong. (Str +2) [potion
                  | of mutation]
  3270 | D:4      | Gained mutation: You expend magic power (3 MP) to
                  | strengthen your wands. [potion of mutation]
  3271 | D:4      | Lost mutation: You expend magic power (3 MP) to strengthen
                  | your wands. [potion of mutation]
  3271 | D:4      | Lost mutation: Your muscles are strong. (Str +2) [potion of
                  | mutation]
  3271 | D:4      | Gained mutation: You are covered in fur. (AC +1) [potion of
                  | mutation]
  3271 | D:4      | Gained mutation: You have an increased reservoir of magic.
                  | (+10% MP) [potion of mutation]
  3533 | D:5      | Entered Level 5 of the Dungeon
  3571 | D:5      | Reached skill level 5 in Axes
  3577 | D:5      | Reached XP level 7. HP: 29/52 MP: 7/7
  3891 | D:5      | Received a gift from Nemelex Xobeh
  4165 | D:5      | Reached skill level 6 in Axes
  4165 | D:5      | Reached skill level 1 in Invocations
  4645 | D:6      | Received a gift from Nemelex Xobeh
  4692 | D:6      | Found a staircase to the Ecumenical Temple.
  4759 | D:6      | Reached XP level 8. HP: 46/59 MP: 10/10
  5209 | D:6      | Reached **** piety under Nemelex Xobeh
  5233 | D:6      | Identified the +5 hand axe of Youthful Indiscretion {vamp,
                  | Str+2}
  5601 | D:6      | Reached skill level 7 in Axes
  6006 | D:7      | Noticed Dowan
  6007 | D:7      | Noticed Duvessa
  6016 | D:7      | Killed Dowan
  6022 | D:7      | Killed Duvessa
  6106 | D:7      | Reached skill level 5 in Dodging
  6238 | D:7      | Found Okau's Firing Range.
  6280 | D:7      | Reached skill level 8 in Axes
  6280 | D:7      | Reached skill level 5 in Invocations
  6285 | D:7      | Gained mutation: You have a pair of large antennae on your
                  | head. (SInv) [demonic ancestry]
  6285 | D:7      | Reached XP level 9. HP: 64/64 MP: 12/14
  6316 | D:7      | Noticed Menkaure
  6974 | D:7      | Killed Menkaure
  7765 | D:8      | Reached skill level 9 in Axes
  7802 | D:8      | Found Ticoasch's Assorted Antiques.
  7809 | D:8      | Bought a scroll labelled ZEACHEH QUISYD for 24 gold pieces
  8147 | D:8      | Identified the +2 helmet of Halisisi {Rampage Int+3}
  8210 | D:8      | Received a gift from Nemelex Xobeh
  8495 | D:9      | Noticed a troll
  8497 | D:9      | Killed a troll
  8498 | D:9      | Reached XP level 10. HP: 73/73 MP: 16/16
  8499 | D:9      | Reached ***** piety under Nemelex Xobeh
  8664 | D:9      | Reached skill level 5 in Fighting
  9112 | D:9      | Lost mutation: You have an increased reservoir of magic.
                  | (+10% MP) [potion of mutation]
  9112 | D:9      | Lost mutation: You are covered in fur. (AC +1) [potion of
                  | mutation]
  9112 | D:9      | Gained mutation: You have a somewhat thin skeletal
                  | structure. (Dex +2, Stealth+) [potion of mutation]
  9112 | D:9      | Gained mutation: Your spells are a little harder to cast,
                  | but a little more powerful. [potion of mutation]
  9332 | D:9      | Reached skill level 5 in Shields
  9469 | D:10     | Entered Level 10 of the Dungeon
  9514 | D:10     | Received a gift from Nemelex Xobeh
  9524 | D:10     | Reached skill level 5 in Armour
  9795 | D:10     | Reached skill level 10 in Axes
 10105 | D:10     | Found a staircase to the Orcish Mines.
 10124 | D:10     | Killed from afar by an orc priest

Illustrated notes

Levels and vault maps discovered:
D:1:      dpeg_arrival_rooms_c, layout_loops_corners,
          dreamdust_ecumenical_altar_hidden_monk_grotto, minivault_11
D:2:      layout_loops_ring, minmay_tetromino_s4
D:3:      layout_rooms, mainiacjoe_overflow_boulevard, xom_teletrap_fun,
          minivault_19, minmay_misc_feat_rows, kennysheep_minor_cross,
          minmay_misc_feat_more_columns, minmay_cupped
D:4:      layout_rooms, serial_forest, infiniplex_forest_zigzag_2,
          infiniplex_forest_clump_small, infiniplex_forest_end_3,
          infiniplex_forest_corner_1, infiniplex_forest_zigzag_1, serial_shops,
          shop, minmay_fractal_squares_gapless_5, uniq_natasha
D:5:      layout_rooms
D:6:      layout_basic, minmay_temple_entry_large_hall, minmay_misc_feat_five,
          eino_tiny_chamber, hangedman_abyss_or_decor_stagger
D:7:      layout_gridville, minmay_holes, corner_web_ring,
          nicolae_shop_firing_range, uniq_menkaure, uniq_duvessa
D:8:      layout_loops_corners, serial_shops, nicolae_stop_n_shop_2,
          kennysheep_generic_room_6
D:9:      layout_roguey, lemuel_another_geyser
D:10:     layout_stronghold, gammafunk_temple_overflow_elements, david_orc_3,
          hellmonk_guarded_unrand_staff_of_battle

Skill      XL: |  1  2  3  4  5  6  7  8  9 10 |
---------------+-------------------------------+-----
Axes           | 2 3 4 5 6 8 9 10 | 10.1
Shields        | 3 4 5 |  5.2
Armour         | 3 4 5 |  5.2
Dodging        | 1 2 3 5 |  5.2
Invocations    | 2 5 6 7 |  7.0
Fighting       | 4 5 |  5.7

Action                   |  1- 3 |  4- 6 |  7- 9 | 10-12 || total
-------------------------+-------+-------+-------+-------++-------
Melee: War axe           |   144 |    78 |    75 |       ||   297
       Hand axe          |       |       |   196 |   122 ||   318
Invok: Draw Destruction  |       |       |     2 |     2 ||     4
       Draw Summoning    |       |       |     1 |     2 ||     3
  Use: Scroll            |     1 |     4 |     7 |     2 ||    14
       Potion            |     1 |     2 |     1 |     1 ||     5
 Stab: Sleeping          |       |       |       |     1 ||     1
Armor: Scale mail        |    69 |    40 |    16 |       ||   125
       Acid dragon scale |       |       |    83 |    29 ||   112
Dodge: Dodged            |    79 |    51 |   135 |    73 ||   338
Block: Buckler           |    34 |    15 |    62 |    28 ||   139

Table legend: (Time is in decaauts)
 A = Elapsed time spent in this place.
 B = Non-inter-level travel time spent in this place.
 C = Inter-level travel time spent in this place.
 D = Time resting spent in this place.
 E = Time spent auto-exploring this place.
 F = Levels seen in this place.
 G = Mean time per level.
                   A        B        C        D        E       F      G
               +--------+--------+--------+--------+--------+-----+--------+
         Total |  10216 |   9882 |    334 |      0 |   8472 |  10 | 1021.6 |
       Dungeon |  10216 |   9882 |    334 |      0 |   8472 |  10 | 1021.6 |
               +--------+--------+--------+--------+--------+-----+--------+

Top non-repeatable levels by time:
     D:7: 1482 daAuts
     D:6: 1182 daAuts
     D:8: 1153 daAuts
     D:5: 1098 daAuts
     D:1: 1048 daAuts
     D:9: 1040 daAuts
     D:4: 894 daAuts
     D:3: 876 daAuts
     D:2: 793 daAuts
    D:10: 647 daAuts
